 Dungeon Crawl Stone Soup version 0.21-a0-498-g1b60429 (webtiles) character file.

107 wvc the Cudgeler (level 4, 0/35 HPs)
             Began as a Mummy Wanderer on Nov 24, 2017.
             Slain by zero's ghost (6 damage)
             ... on level 4 of the Dungeon.
             The game lasted 00:04:34 (2448 turns).

wvc the Cudgeler (Mummy Wanderer)                   Turns: 2448, Time: 00:04:34

Health: 0/35       AC:  6    Str: 15    XL:     4   Next: 56%
Magic:  4/4        EV: 11    Int: 10    God:
Gold:   188        SH:  0    Dex: 16    Spells: 3/3 levels left

rFire    x . .     SeeInvis .   a - +3 mace
rCold    + . .     Gourm    .   (no shield)
rNeg     + + +     Faith    .   d - +1 robe
rPois    ∞         Spirit   .   (no helmet)
rElec    .         Reflect  .   (no cloak)
rCorr    .         Harm     .   e - +2 pair of gloves {Dex+3}
MR       .....                  (no boots)
Stlth    +.........             (no amulet)
HPRegen  0.11/turn              (no ring)
MPRegen  0.09/turn              (no ring)

@: no status effects
A: no food or potions, fire vulnerability, cold resistance 1, negative energy
resistance 3, torment resistance, unbreathing
a: no special abilities


You were on level 4 of the Dungeon.
You were not hungry.

You visited 1 branch of the dungeon, and saw 4 of its levels.

You collected 188 gold pieces.

Inventory:

Hand Weapons
 a - a +3 mace (weapon)
Missiles
 i - 3 javelins (quivered)
Armour
 d - a +1 robe (worn)
 e - a +2 pair of gloves of dexterity (worn)
 k - a +0 scale mail
Scrolls
 f - 3 scrolls of identify
 g - 2 scrolls of remove curse
 j - 2 scrolls of teleportation
Books
 b - Vehumet's Compendium of Combat Magic

   Spells                             Type                      Level
   a - Sting                          Conjuration/Poison           1
   b - Static Discharge               Conjuration/Air              3
 c - the Almanac of Fire

   Spells                             Type                      Level
   a - Flame Tongue                   Conjuration/Fire             1
   b - Conjure Flame                  Conjuration/Fire             3


   Skills:
 - Level 3.0 Fighting
 + Level 4.0 Maces & Flails
 - Level 1.0 Throwing
   Level 2.4 Fire Magic
   Level 1.0 Evocations


You had 3 spell levels left.
You didn't know any spells.

Dungeon Overview and Level Annotations

Branches:
Dungeon (4/15)
 Temple: D:4-7

Altars:
Sif Muna

Annotations:
D:4 zero's ghost, amateur DENe


Innate Abilities, Weirdness & Mutations

You do not eat or drink.
Your flesh is vulnerable to fire.
You are immune to poison.
Your flesh is cold resistant. (rC+)
You are immune to negative energy. (rN+++)
You are immune to unholy pain and torment.
You can survive without breathing.


Message History

Zero's ghost is severely damaged.
Zero's ghost mumbles some strange words.
Zero's ghost's wounds begin to heal before your eyes!
You bump into the rock wall.
Zero's ghost casts a spell.
Your will is overpowered!
You are more confused.
Zero's ghost hits you.
You bump into the rock wall.
Zero's ghost hits you.
You bump into the rock wall.
Zero's ghost hits you.
You bump into the rock wall.
Zero's ghost hits you but does no damage.
Zero's ghost hits you.
* * * LOW HITPOINT WARNING * * *
Zero's ghost barely misses you.
You bump into the rock wall.
Zero's ghost hits you.
* * * LOW HITPOINT WARNING * * *
You bump into the rock wall.
You feel less confused. Zero's ghost hits you.
You die...

#....#
#.#......
#(#..#...
#(######.
..#.###......#
........(....#
.....###.###.#
.... +.W<# #
... #@#.# ..
#.#.# . +.#..
###... .....
##.... .....
......


You could see zero's ghost.

Vanquished Creatures
  An iguana (D:4)
  An adder (D:1)
  3 dart slugs
  A leopard gecko (D:1)
  An orc (D:3)
  A ball python (D:3)
  A giant cockroach (D:1)
  7 goblins
  7 hobgoblins
  11 jackals
  5 kobolds
  2 quokkas
  7 bats
  6 frilled lizards
  4 rats
58 creatures vanquished.

Notes
Turn   | Place    | Note
-------+----------+-------------------------------------------
     0 | D:1      | wvc the Mummy Wanderer began the quest for the Orb.
     0 | D:1      | wvc set off with: a +2 mace, Vehumet's Compendium of Combat Magic, the Almanac of Fire, a +0 robe
     0 | D:1      | Reached XP level 1. HP: 18/18 MP: 1/1
     0 | D:1      | Identified Vehumet's Compendium of Combat Magic
     0 | D:1      | Identified the Almanac of Fire
   135 | D:1      | Reached skill level 2 in Maces & Flails
   145 | D:1      | Reached XP level 2. HP: 24/24 MP: 2/2
   812 | D:1      | Reached XP level 3. HP: 22/29 MP: 3/3
   815 | D:1      | Reached skill level 3 in Maces & Flails
  1298 | D:2      | Found a deep blue altar of Sif Muna.
  1595 | D:3      | Reached XP level 4. HP: 35/35 MP: 4/4
  2243 | D:4      | Reached skill level 4 in Maces & Flails
  2257 | D:4      | Noticed zero's ghost (amateur DENe)
  2448 | D:4      | Slain by zero's ghost

Vault maps used:
D:1:      shiori_shiawase
D:2:      led_sif_pool, serial_forest, infiniplex_forest_clump_tiny,
          infiniplex_forest_clump_long, infiniplex_forest_straight_4,
          infiniplex_forest_corner_2, infiniplex_forest_lined_room_2,
          infiniplex_forest_clump_cross, infiniplex_forest_corner_2,
          minmay_tromino_v7
D:4:      minmay_temple_entry_mist, first_bread, uniq_duvessa

Skill      XL: |  1  2  3  4 |
---------------+-------------+-----
Maces & Flails | 2 3 4 |  4.0
Fighting       | |  3.0
Throwing       | |  1.0
Fire Magic     | |  2.4
Evocations     | |  1.0

Action                   |  1- 3 |  4- 6 || total
-------------------------+-------+-------++-------
Melee: Mace              |   138 |    41 ||   179
Throw: Javelin           |       |     7 ||     7
  Use: Scroll            |     6 |     1 ||     7
 Stab: Sleeping          |     1 |       ||     1
Armor: Robe              |    65 |    19 ||    84
Dodge: Dodged            |   129 |    39 ||   168

Table legend:
 A = Spawn XP
 B = Non-spawn XP
 C = Spawn XP percentage of total XP
 D = Spawn monster count
 E = Non-spawn monster count
 F = Spawn count percentage of total count
 G = Total turns spent on level
                    A         B        C        D         E        F      G
               +---------+---------+-------+---------+---------+-------+---------
         Total |       0 |     153 |   0.0 |       0 |      58 |   0.0 |  2448
               +---------+---------+-------+---------+---------+-------+---------
           D:1 |       0 |      64 |   0.0 |       0 |      29 |   0.0 |   947
           D:2 |       0 |      21 |   0.0 |       0 |      11 |   0.0 |   545
           D:3 |       0 |      33 |   0.0 |       0 |      17 |   0.0 |   896
           D:4 |       0 |      35 |   0.0 |       0 |       1 |   0.0 |    60
               +---------+---------+-------+---------+---------+-------+---------
